Cogmind - Beta 16 @@@ ROGUE MODE // 2025.11.11 @ 00:22:24 Player: TinyBoulder Result: Destroyed self with Sigix Terminator Performance ------------- Evolutions (9) 4500 Regions Visited (15) 3000 Robots Destroyed (140) 700 Value Destroyed (7669) 7669 Prototype IDs (23) 460 Alien Tech Used (4) 800 Bonus (7822) 7822 TOTAL SCORE: 24951 Bonus ------- High Alert Combat Kills 710 Follower Combat Kills 1318 Entered DSFs 500 Registered with UFD 300 Met Optimus in HQ 500 Built Enhanced Grunts 300 Met R17 at Cetus 500 Met R17 at Research 2000 Met Sigix 2000 Friendly Fire -306 Cogmind --------- Core Integrity 0/1600 Matter 93/300 Energy 84/100 System Corruption 2% Temperature Cool (0) Movement Core (50) Location -1/Access Parts ------- > --- POWER (3) -------- (None) > --- PROPULSION (8) --- (None) > --- UTILITY (10) ----- (None) > --- WEAPON (4) ------- (None) > --- INVENTORY (5) ---- Terrabomb Sigix Containment Pod Peak State ------------ > --- POWER ------------ Antimatter Reactor Light Antimatter Reactor Micro Antimatter Reactor > --- PROPULSION ------- Armored Heavy Treads Armored Heavy Treads Armored Heavy Treads > --- UTILITY ---------- Experimental Cooling System Huge Storage Unit Advanced Visual Processing Unit Improved Signal Interpreter Advanced Targeting Computer Experimental Targeting Computer Advanced Particle Charger Phase Armor Advanced Hacking Suite > --- WEAPON ----------- Advanced Variable Charge Gun Cooled Proton Cannon Nova Cannon Enhanced Nova Cannon > --- INVENTORY -------- Armored Heavy Treads Advanced Heat Sink Advanced Heat Sink Advanced Heat Sink Graphene Brace Subatomic Replicator Terrabomb Terrabomb Terrabomb Gamma Rifle Enhanced Gamma Rifle Nova Cannon Nova Cannon Nova Cannon Nova Cannon Nova Cannon Gamma Bomb Array Sigix Terminator Improved Plasma Cutter Sigix Containment Pod [Rating: 190] Favorites ----------- Power Light Nuclear Core Engine Deuterium Engine Power Core Light Nuclear Core Reactor Antimatter Reactor Propulsion Light Treads Treads Light Treads Leg Flexi-carbon Leg Wheel Armored Wheel Flight Unit Nuclear Pulse Array Utility Large Storage Unit Device Improved Heat Sink Storage Large Storage Unit Processor Advanced Visual Processing Unit Hackware Advanced Hacking Suite Protection Centrium Medium Armor Plating Artifact Phase Armor Weapon Nova Cannon Energy Gun Advanced Variable Charge Gun Energy Cannon Nova Cannon Ballistic Gun Autogun Ballistic Cannon Magnetic Acceleration Cannon Launcher Heavy Rocket Launcher Build | -11 -10 -10 -10 -8 -8 -6 -6 -6 -5 -4 -4 -3 -3 -2 -1 ------- Run | Yrd Mat Min Sub Rec Scr Fac Ext Cet Fac Fac DSF Res Qua Res Acc Slots Evolved 18 | . . . . . . 8 . . 2 2 . 2 . 2 2 Power 2 | . . . . . . 1 . . . . . 1 . . . Propulsion 6 | . . . . . . 1 . . . 1 . . . 2 2 Utility 8 | . . . . . . 5 . . 1 1 . 1 . . . Weapon 2 | . . . . . . 1 . . 1 . . . . . . Parts Attached 120 | 6 11 . 2 . 6 12 22 4 2 . 7 12 15 16 5 Power 20 | 1 1 . . . 1 1 4 . 1 . 2 4 2 3 . Engine 4 | 1 . . . . . . 2 . 1 . . . . . . Core 5 | . 1 . . . 1 1 2 . . . . . . . . Reactor 11 | . . . . . . . . . . . 2 4 2 3 . Propulsion 19 | 2 . . . . 1 2 5 1 . . 2 1 . 4 1 Treads 14 | 2 . . . . 1 . 3 1 . . 2 1 . 4 . Leg 2 | . . . . . . . 2 . . . . . . . . Wheel 2 | . . . . . . 2 . . . . . . . . . Hover . | . . . . . . . . . . . . . . . . Flight 1 | . . . . . . . . . . . . . . . 1 Utility 39 | 1 5 . . . 3 5 5 . 1 . 2 5 5 5 2 Device 22 | . 1 . . . 2 1 4 . . . 2 4 2 5 1 Storage 4 | 1 2 . . . . . . . . . . . 1 . . Processor 4 | . . . . . 1 1 1 . . . . . 1 . . Hackware 5 | . . . . . . 3 . . . . . 1 . . 1 Protection 3 | . 2 . . . . . . . 1 . . . . . . Artifact 1 | . . . . . . . . . . . . . 1 . . Weapon 42 | 2 5 . 2 . 1 4 8 3 . . 1 2 8 4 2 Energy Gun 3 | . . . . . . 1 . 1 . . . . 1 . . Energy Cannon 16 | . 2 . . . . . 2 . . . 1 2 5 4 . Ballistic Gun 11 | 2 2 . 1 . 1 2 2 1 . . . . . . . Ballistic Cannon 5 | . . . . . . 1 2 1 . . . . . . 1 Launcher 7 | . 1 . 1 . . . 2 . . . . . 2 . 1 Special Weapon . | . . . . . . . . . . . . . . . . Impact Weapon . | . . . . . . . . . . . . . . . . Slashing Weapon . | . . . . . . . . . . . . . . . . Piercing Weapon . | . . . . . . . . . . . . . . . . Special Melee Weapon . | . . . . . . . . . . . . . . . . Unidentified Prototypes 15 | . 1 . . . . 1 . 2 1 . . . 8 1 1 Parts Lost 57 | . . . . . . . 14 3 . . . 3 3 23 11 Power 9 | . . . . . . . 3 . . . . . 2 4 . Propulsion 11 | . . . . . . . 3 1 . . . . . 4 3 Utility 24 | . . . . . . . 5 . . . . 2 1 8 8 Weapon 13 | . . . . . . . 3 2 . . . 1 . 7 . Highest Loss Streak 11 | . . . . . . . 5 2 . . . 2 2 9 11 To Critical Strikes 1 | . . . . . . . . 1 . . . . . . . Average Backups 14 | 2 12 15 15 15 15 12 14 13 13 15 14 12 18 14 7 Power 1 | . 1 1 1 1 1 1 1 2 2 2 1 1 . 1 . Propulsion 1 | 1 4 4 4 4 3 1 . . . . . 2 2 . . Utility 4 | . 2 4 4 4 6 5 5 6 6 6 4 4 7 2 . Weapon 5 | . 5 6 6 6 4 4 6 4 5 6 5 3 6 5 3 Tool/Special . | . . . . . . . . . . . . . . . . Unused Backups 34 | . 8 . . 1 5 1 3 . . . 9 1 . . 6 Power 3 | . . . . . 1 . . . . . 2 . . . . Propulsion 6 | . 5 . . . 1 . . . . . . . . . . Utility 13 | . 2 . . 1 1 1 3 . . . 4 1 . . . Weapon 8 | . 1 . . . 2 . . . . . 3 . . . 2 Tool/Special 4 | . . . . . . . . . . . . . . . 4 Average Slot Usage (%) 90 | . 94 100 100 100 100 92 97 99 99 89 92 89 85 81 42 Engine 1 | . 8 . . . . . 2 . 1 5 1 . . . . Core 6 | . 5 14 14 14 14 6 8 13 9 5 1 . . . . Reactor 4 | . . . . . . . . . . . 6 13 13 11 . Treads 16 | . 28 28 28 28 28 6 13 20 16 15 13 9 9 12 6 Wheel 1 | . . . . . . 12 5 . . . . . . . . Device 14 | . 3 14 14 14 11 5 18 20 17 15 21 26 11 16 8 Storage 7 | . 14 14 14 14 14 6 6 6 5 5 5 4 4 4 3 Processor 11 | . . . . . 2 12 19 20 17 15 15 14 18 14 11 Hackware 1 | . . . . . . 19 . . . . . . 4 4 6 Energy Gun 1 | . . . . . . . . . 5 5 5 3 3 1 . Energy Cannon 4 | . 3 . . . . . 3 5 . . 2 8 13 13 . Ballistic Gun 12 | . 24 28 17 28 28 17 9 4 10 10 7 4 . . . Ballistic Cannon 1 | . . . . . . 2 4 6 5 5 5 . . . 3 Peak Build Rating 190 | 6 14 13 13 14 21 54 61 67 81 79 123 138 169 190 91 Average Rating 74 | 4 11 13 12 13 16 48 57 59 79 79 100 133 161 162 72 On Entrance 56 | . 6 13 13 13 14 20 52 59 67 79 79 119 137 166 62 Avg Prop Armor Cover (%) 9 | . . . . . . 8 10 . . . . . . . 9 Naked Turns 3 | . . . . . . . . . . . . . . . 3 Heaviest Build 212 | 12 34 32 32 32 34 43 65 66 72 70 95 117 212 195 111 Greatest Support 195 | 40 40 40 40 40 40 24 70 70 70 70 120 120 120 195 103 Greatest Overweight (x) 5 | . . . . . . 1 5 . 1 . 1 . 1 1 1 Average Overweight (x) . | . . . . . . 1 2 . . . . . . . . Largest Inventory Capacity 25 | 8 15 15 15 15 15 15 15 15 15 15 15 15 25 25 25 Average Capacity 17 | 6 13 15 15 15 15 15 15 15 15 15 15 15 24 25 22 Most Carried 25 | 6 15 15 15 15 15 15 15 15 15 15 15 15 25 25 14 Average Carried 15 | 2 12 15 15 14 14 12 14 13 13 15 14 14 23 18 10 Final Capacity 25 | 8 15 15 15 15 15 15 15 15 15 15 15 15 25 25 5 Final Carried 25 | 6 15 15 15 15 15 15 14 15 15 15 15 15 25 11 3 Class Distribution -------------------- 35% | Mutant 31% | Scavenger-Gunner 10% | Skirmisher 9% | Scavenger-Tank 3% | Hacker-Mutant 3% | Hacker-Skirmisher Dominant Class ---------------- Mutant | -10/Materials Mutant | -10/Mines Mutant | -10/Subcaves Mutant | -8/Recycling Mutant | -8/Scraptown Hacker-Skirmisher | -6/Factory Skirmisher | -6/Extension Scavenger-Gunner | -6/Cetus Scavenger-Tank | -5/Factory Scavenger-Tank | -4/Factory Scavenger-Tank | -4/DSF Scavenger-Gunner | -3/Research Scavenger-Gunner | -3/Quarantine Scavenger-Gunner | -2/Research Hacker-Mutant | -1/Access Resources | -11 -10 -10 -10 -8 -8 -6 -6 -6 -5 -4 -4 -3 -3 -2 -1 ----------- Run | Yrd Mat Min Sub Rec Scr Fac Ext Cet Fac Fac DSF Res Qua Res Acc Matter Collected 3461 | 241 300 . 115 . 181 53 1037 253 17 . 318 285 259 402 . Remotely . | . . . . . . . . . . . . . . . . Salvage Created 8119 | . 340 . 128 . . 50 969 129 . . 428 1336 1560 3033 146 Parts 336 | . 17 . 11 . . 3 40 5 . . 14 41 70 129 6 Haulers Intercepted 2 | . 1 . . . . . . . . . . 1 . . . Recyclers Shooed 5 | . . . . . . . 1 . . . . . 1 3 . Parts Field Recycled . | . . . . . . . . . . . . . . . . Retrieved Matter . | . . . . . . . . . . . . . . . . Parts Self-Destructed 7 | . . . 7 . . . . . . . . . . . . Prevented . | . . . . . . . . . . . . . . . . Parts Restored . | . . . . . . . . . . . . . . . . Kills | -11 -10 -10 -10 -8 -8 -6 -6 -6 -5 -4 -4 -3 -3 -2 -1 ------- Run | Yrd Mat Min Sub Rec Scr Fac Ext Cet Fac Fac DSF Res Qua Res Acc Combat Hostiles Destroyed 115 | . 6 . 6 . . 1 17 1 . . 6 13 20 42 3 Guns 23 | . 6 . 3 . . . 4 . . . 3 3 4 . . Cannons 66 | . . . . . . 1 9 . . . 3 8 12 33 . AOE 15 | . . . 3 . . . 4 1 . . . . . 4 3 Classes Destroyed 16 | . 4 . 2 . . . 5 . . . 1 . 2 2 . Worker 3 | . . . . . . . . . . . . . . 3 . Builder 2 | . . . . . . . 2 . . . . . . . . Hauler 2 | . 1 . . . . . . . . . . 1 . . . Recycler 9 | . . . . . . . 2 . . . . 2 2 2 1 Operator 2 | . 1 . . . . . . . . . . . 1 . . Watcher 5 | . 1 . . . . . 2 1 . . . . . . 1 Swarmer 26 | . . . 4 . . . 3 . . . . . 4 15 . Grunt 43 | . 6 . . . . 1 3 . . . 4 11 5 12 1 Brawler 2 | . . . . . . . . . . . . . . 2 . Sentry 8 | . . . . . . . 5 . . . . 2 . 1 . Specialist 3 | . . . . . . . . . . . 1 . . 2 . Hunter 11 | . . . . . . . 4 . . . 1 . 3 1 2 Programmer 16 | . . . . . . . . . . . . . 7 9 . Behemoth 2 | . . . . . . . 2 . . . . . . . . Cetus Guard 1 | . . . . . . . . 1 . . . . . . . Alpha 7 1 | . . . . . . . . . . . . . 1 . . Subdweller 2 | . . . 2 . . . . . . . . . . . . Thug 1 | . . . . . . . . 1 . . . . . . . Guerrilla 1 | . . . . . . . . 1 . . . . . . . Best Kill Streak 11 | . 2 . 5 . . 1 3 1 . . 4 6 5 11 3 Combat Bots Only 9 | . 2 . 5 . . 1 3 1 . . 4 6 5 9 2 Max Kills in Single Turn 3 | . 1 . 2 . . 1 2 3 . . 1 2 2 3 2 Gunslinging . | . . . . . . . . . . . . . . . . Exploded 2 | . . . 2 . . . 2 1 . . . . . 2 2 Melee . | . . . . . . . . . . . . . . . . Uniques/NPCs Destroyed . | . . . . . . . . . . . . . . . . Combat | -11 -10 -10 -10 -8 -8 -6 -6 -6 -5 -4 -4 -3 -3 -2 -1 -------- Run | Yrd Mat Min Sub Rec Scr Fac Ext Cet Fac Fac DSF Res Qua Res Acc Hostile Shots Fired 1204 | . 23 . 23 . . 2 319 21 . . 40 75 177 335 189 Missed 393 | . 9 . 8 . . 2 126 11 . . 13 15 55 70 84 Hits 811 | . 14 . 15 . . . 193 10 . . 27 60 122 265 105 Melee 2 | . . . . . . . . . . . . . . 2 . Projectile 809 | . 14 . 15 . . . 193 10 . . 27 60 122 263 105 Critical Strikes 29 | . . . 1 . . . 3 2 . . . . 9 10 4 Actively Blocked 13 | . . . . . . . . . . . . . . 10 3 Part Disruptions 5 | . . . . . . . . . . . . . 3 2 . Damage Taken 16003 | . 190 . 172 . . . 2395 213 . . 416 1245 2479 6278 2615 Core 3136 | . . . 30 . . . 248 28 . . . 40 422 576 1792 Absorbed by Shields 153 | . . . . . . . 56 97 . . . . . . . Reduced by Siege Mode 314 | . . . . . . . . . . . . 64 42 208 . Redirected to Core 687 | . . . . . . . . . . . . . 375 312 . Ignored by Resistances 265 | . . . . . . . 106 7 . . 68 84 . . . Core Remaining (%) 82 | 100 . . . . 88 . . 67 100 . 100 . 64 60 . Volleys Fired 340 | . 25 . 12 . . 12 73 9 . . 17 34 58 89 11 Largest 4 | . 2 . 2 . . 3 3 3 . . 4 4 4 4 1 Hottest 452 | . 136 . 60 . . 100 200 177 . . 272 353 419 452 54 Shots Fired 771 | . 50 . 21 1 . 14 189 19 . . 56 109 103 198 11 Gun 266 | . 48 . 14 1 . 3 98 . . . 35 48 17 2 . Cannon 472 | . 2 . . . . 11 84 10 . . 21 61 84 191 8 Launcher 33 | . . . 7 . . . 7 9 . . . . 2 5 3 Special . | . . . . . . . . . . . . . . . . Kinetic 313 | . 48 . 14 1 . 14 149 7 . . 40 30 2 . 8 Thermal 420 | . 2 . . . . . 33 3 . . 16 79 93 193 1 Explosive 25 | . . . 7 . . . 7 9 . . . . . . 2 Electromagnetic 13 | . . . . . . . . . . . . . 8 5 . Robot Hit Streak 65 | . 9 . 7 . . 3 13 10 . . 9 37 65 30 2 Robot Miss Streak 4 | . 2 . 2 . . 1 3 1 . . 3 4 2 3 2 Penetration Max 1 | . . . . . . . . 1 . . 1 1 . . . Secondary Targets 1 | . . . . . . . 1 . . . . . . . . Max Gunslinging Chain 1 | . . . . . . . 1 . . . . . . . . Shots Hit Robots 482 | . 31 . 10 . . 2 128 13 . . 34 61 63 135 5 Core Hits 281 | . 13 . 8 . . 2 57 28 . . 18 27 38 77 13 Critical Kills 8 | . . . . . . . . . . . . 3 . 5 . Critical Parts Destroyed 3 | . . . . . . . . 1 . . 1 1 . . . Critical Strikes 20 | . . . . . . . 6 1 . . 3 4 . 5 1 Meltdown 6 | . . . . . . . . . . . . 1 . 5 . Destroy 5 | . . . . . . . . 1 . . 1 3 . . . Blast 9 | . . . . . . . 6 . . . 2 . . . 1 Melee Attacks . | . . . . . . . . . . . . . . . . Impact . | . . . . . . . . . . . . . . . . Slashing . | . . . . . . . . . . . . . . . . Piercing . | . . . . . . . . . . . . . . . . Sneak Attacks . | . . . . . . . . . . . . . . . . Combat Hostiles . | . . . . . . . . . . . . . . . . Follow-up Attacks . | . . . . . . . . . . . . . . . . Damage Inflicted 22823 | . 474 . 343 . . 74 3656 1458 . . 1015 2581 3338 7051 2833 Guns 4171 | . 453 . 124 . . 46 1411 . . . 606 780 599 152 . Cannons 12962 | . 21 . . . . 28 1676 297 . . 409 1801 2278 6241 211 Explosions 5677 | . . . 219 . . . 569 1161 . . . . 461 650 2617 Melee . | . . . . . . . . . . . . . . . . Ramming 13 | . . . . . . . . . . . . . . 8 5 Kinetic 4515 | . 453 . 124 . . 74 2364 205 . . 636 410 38 . 211 Thermal 14297 | . 21 . . . . . 723 92 . . 379 2171 2528 6393 1990 Explosive 2576 | . . . 219 . . . 569 1161 . . . . . . 627 Electromagnetic 1422 | . . . . . . . . . . . . . 772 650 . Impact . | . . . . . . . . . . . . . . . . Slashing . | . . . . . . . . . . . . . . . . Piercing . | . . . . . . . . . . . . . . . . Highest Corruption 21 | . 1 1 1 1 . . . . . . . . 21 19 2 Average Corruption 5 | . 1 1 1 1 . . . . . . . . 5 13 1 Corruption Purged . | . . . . . . . . . . . . . . . . Corruption Blocked . | . . . . . . . . . . . . . . . . Effects 75 | . 1 1 1 4 . . . . . . . . 26 41 1 Message Errors 10 | . . . . . . . . . . . . . 2 8 . Matter Fused 19 | . 1 . . 1 . . . . . . . . 8 9 . Heat Flow Errors 10 | . . 1 . . . . . . . . . . 3 6 . Energy Discharges 7 | . . . . . . . . . . . . . 5 2 . Parts Rejected 3 | . . . 1 . . . . . . . . . 1 1 . Parts Fused 1 | . . . . . . . . . . . . . 1 . . Data Loss (minor) 11 | . . . . 1 . . . . . . . . 4 5 1 Data Loss (major) 3 | . . . . 1 . . . . . . . . 2 . . Misfires 2 | . . . . 1 . . . . . . . . . 1 . Alerts 1 | . . . . . . . . . . . . . . 1 . Misdirections 1 | . . . . . . . . . . . . . . 1 . Weapon Failures 7 | . . . . . . . . . . . . . . 7 . Overload Shots 12 | . . . . . . . . . . . . 4 6 2 . Effects 3 | . . . . . . . . . . . . 1 2 . . Energy Bleed 2 | . . . . . . . . . . . . . 2 . . Heat Surge 1 | . . . . . . . . . . . . 1 . . . Overflow Damage 906 | . . . . . . . 4 16 . . . 11 90 387 398 Projectiles 492 | . . . . . . . 4 . . . . 11 90 387 . Explosions 414 | . . . . . . . . 16 . . . . . . 398 Melee . | . . . . . . . . . . . . . . . . Knockbacks 10 | . . . . . . . 5 . . . 1 1 . . 3 Impact . | . . . . . . . . . . . . . . . . Kinetic 9 | . . . . . . . 4 . . . 1 1 . . 3 Secondary 1 | . . . . . . . 1 . . . . . . . . Self-Inflicted Damage 1204 | . . . 39 . . . 41 25 . . . . 35 13 1051 Shots 12 | . . . 2 . . . 1 1 . . . . 4 2 2 Rammed 2 | . . . . . . . . . . . . . . 1 1 Targets Rammed 2 | . . . . . . . . . . . . . . 1 1 Kicked . | . . . . . . . . . . . . . . . . Crushed . | . . . . . . . . . . . . . . . . Highest Temperature 625 | . 103 198 . 7 . 9 187 . . . 100 317 257 625 . Average Temperature 111 | . 30 105 . 7 . 6 65 . . . 37 93 33 170 . Received Heat Transfer 1345 | . 108 . 48 . . . 306 4 . . 96 330 57 243 153 Effects 17 | . . . . . . . . . . . . . . 17 . Shutdowns 5 | . . . . . . . . . . . . . . 5 . Energy Bleed 6 | . . . . . . . . . . . . . . 6 . Interference 3 | . . . . . . . . . . . . . . 3 . Matter Decay 2 | . . . . . . . . . . . . . . 2 . Short Circuit 1 | . . . . . . . . . . . . . . 1 . Siege Activations 13 | . . . . . . . . . . . . 2 4 7 . Total Turns 167 | . . . . . . . . . . . . 31 29 107 . Longest Duration 27 | . . . . . . . . . . . . 23 16 27 . Martial Activations . | . . . . . . . . . . . . . . . . Shielding Activations . | . . . . . . . . . . . . . . . . Robots Disrupted . | . . . . . . . . . . . . . . . . Combat Hostiles . | . . . . . . . . . . . . . . . . Robots Corrupted 4 | . . . . . . . . . . . . . 4 . . Combat Hostiles 4 | . . . . . . . . . . . . . 4 . . Parts Fried 9 | . . . . . . . . . . . . . 7 2 . Impact Corruptions . | . . . . . . . . . . . . . . . . Robots Melted 7 | . . . . . . . . . . . . 2 . 5 . Combat Hostiles 7 | . . . . . . . . . . . . 2 . 5 . Parts Melted 22 | . . . . . . . . . . . . 7 5 10 . Heat Transferred 10645 | . 37 . . . . . 851 111 . . 444 1850 2183 5169 . Parts Sabotaged . | . . . . . . . . . . . . . . . . Parts Stolen . | . . . . . . . . . . . . . . . . Parts Stripped . | . . . . . . . . . . . . . . . . Power Chain Reactions . | . . . . . . . . . . . . . . . . Alert | -11 -10 -10 -10 -8 -8 -6 -6 -6 -5 -4 -4 -3 -3 -2 -1 ------- Run | Yrd Mat Min Sub Rec Scr Fac Ext Cet Fac Fac DSF Res Qua Res Acc Maximum Alert Level 3 | . . . . . . . 2 2 1 . 1 1 . 3 2 Low Security (%) 70 | 100 100 100 . 100 . 100 91 . 62 100 32 45 100 25 7 Level 1 17 | . . . . . . . 1 26 37 . 67 54 . 11 78 Level 2 9 | . . . . . . . 6 73 . . . . . 36 14 Level 3 2 | . . . . . . . . . . . . . . 26 . Level 4 . | . . . . . . . . . . . . . . . . Level 5 . | . . . . . . . . . . . . . . . . High Security . | . . . . . . . . . . . . . . . . Max Security . | . . . . . . . . . . . . . . . . Sterilizations 1 | . . . . . . . . . . . 1 . . . . Peak Influence 830 | . 77 18 . 72 . 22 498 532 276 58 340 295 173 830 434 Initial 434 | . . 18 . 72 . . . 278 276 58 40 191 74 . 434 Average 152 | . 15 1 . 9 . 2 59 419 192 58 231 205 101 446 315 Influence Increases 5208 | . 199 . 200 87 . 40 915 524 51 . 460 417 619 1296 400 Destroy 0b10 Robot/C 2720 | . 120 . 80 . . 20 480 220 . . 240 260 400 840 60 Destroy 0b10 Robot/NC 135 | . 15 . . . . . 35 10 10 . . 15 15 25 10 Destroy Leader 398 | . 34 . . . . . 66 10 4 . 40 42 50 140 12 Allied During Kill 550 | . . . . . . . 161 223 14 . 152 . . . . Successful Hack 107 | . 14 . . 27 . . 38 . . . . . 28 . . Select Force Hacks 60 | . . . . 60 . . . . . . . . . . . Disable Machine 225 | . . . . . . 15 15 . 15 . . 60 75 30 15 Destroy Structure 548 | . 1 . . . . 5 75 61 8 . 28 40 36 96 198 Lose Combat Pursuer 465 | . 15 . 120 . . . 45 . . . . . 15 165 105 Influence Decreases 4778 | . 151 48 50 237 . 38 419 528 424 63 178 625 751 571 695 Entered New Map 1127 | . . 30 . 78 . . 2 220 218 63 18 149 58 . 291 Time Decay 2711 | . 151 18 50 159 . 38 296 198 206 . . 446 514 341 294 Lost Part 534 | . . . . . . . 104 30 . . . 30 30 230 110 Lost Ally 257 | . . . . . . . 17 80 . . 160 . . . . Purge Threat 149 | . . . . . . . . . . . . . 149 . . Squads Dispatched 30 | . 1 . . . . . 3 1 . . 2 8 3 9 3 Investigation 7 | . 1 . . . . . 1 1 . . . 2 . 1 1 Extermination 7 | . . . . . . . . . . . . . 3 3 1 Reinforcement 15 | . . . . . . . 2 . . . 2 6 . 4 1 Assault 1 | . . . . . . . . . . . . . . 1 . Garrison . | . . . . . . . . . . . . . . . . Intercept . | . . . . . . . . . . . . . . . . Searches Triggered . | . . . . . . . . . . . . . . . . Construction Impeded 2 | . . . . . . . 1 . . . . . . 1 . Haulers Reinforced 1 | . . . . . . . . . . . . . . 1 . Active Scanning Responses . | . . . . . . . . . . . . . . . . Cargo Convoy Interrupts . | . . . . . . . . . . . . . . . . Stealth | -11 -10 -10 -10 -8 -8 -6 -6 -6 -5 -4 -4 -3 -3 -2 -1 --------- Run | Yrd Mat Min Sub Rec Scr Fac Ext Cet Fac Fac DSF Res Qua Res Acc Distress Signals 19 | . 1 . . . . . 1 3 . . . 7 1 4 2 Communications Jammed . | . . . . . . . . . . . . . . . . Distress Signals . | . . . . . . . . . . . . . . . . Times Spotted 227 | . 13 . 13 . . 1 32 10 3 . 12 17 28 76 22 Peak Tracking Total 15 | . 4 . 6 . . 1 6 5 3 . 4 6 6 13 15 Tactical Retreats 17 | . 1 . 3 . . . 3 . . . . . 1 7 2 Traps | -11 -10 -10 -10 -8 -8 -6 -6 -6 -5 -4 -4 -3 -3 -2 -1 ------- Run | Yrd Mat Min Sub Rec Scr Fac Ext Cet Fac Fac DSF Res Qua Res Acc Traps Triggered 11 | . 2 . . . . . 2 . 2 . 1 2 1 1 . Indirectly . | . . . . . . . . . . . . . . . . Trap Hack Attempts . | . . . . . . . . . . . . . . . . Triggered . | . . . . . . . . . . . . . . . . Disarmed . | . . . . . . . . . . . . . . . . Reprogrammed . | . . . . . . . . . . . . . . . . Reused . | . . . . . . . . . . . . . . . . Traps Extracted . | . . . . . . . . . . . . . . . . Installed . | . . . . . . . . . . . . . . . . Triggered . | . . . . . . . . . . . . . . . . Machines | -11 -10 -10 -10 -8 -8 -6 -6 -6 -5 -4 -4 -3 -3 -2 -1 ---------- Run | Yrd Mat Min Sub Rec Scr Fac Ext Cet Fac Fac DSF Res Qua Res Acc Machines Disabled 17 | . . . 1 . . 1 1 . 1 . . 4 6 2 1 Max in Single Turn 1 | . . . 1 . . 1 1 . . . . 1 1 1 1 Garrison Access 3 | . . . . . . . . . . . . 1 1 . 1 Machines Repaired . | . . . . . . . . . . . . . . . . Machines Dismantled . | . . . . . . . . . . . . . . . . Machines Sabotaged . | . . . . . . . . . . . . . . . . Overloaded Fab Kills . | . . . . . . . . . . . . . . . . Hacking | -11 -10 -10 -10 -8 -8 -6 -6 -6 -5 -4 -4 -3 -3 -2 -1 --------- Run | Yrd Mat Min Sub Rec Scr Fac Ext Cet Fac Fac DSF Res Qua Res Acc Machines Accessed 41 | . 3 . . 8 1 2 9 1 2 1 . 1 10 1 2 Terminals 31 | . 3 . . 6 . 1 9 1 . 1 . . 8 1 1 Fabricators . | . . . . . . . . . . . . . . . . Repair Stations . | . . . . . . . . . . . . . . . . Recycling Units 3 | . . . . 2 . . . . 1 . . . . . . Scanalyzers 2 | . . . . . . 1 . . . . . . 1 . . Garrison Access 4 | . . . . . . . . . 1 . . 1 1 . 1 Total Hacks 105 | . 9 . . 29 15 6 14 2 5 2 . 1 17 2 3 Successful 64 | . 6 . . 19 15 3 6 . 3 1 . 1 8 1 1 Failed 40 | . 3 . . 10 . 2 8 2 2 1 . . 9 1 2 Catastrophic 5 | . 1 . . 1 . . 1 1 . . . . . . 1 Database Lockouts 1 | . . . . . . 1 . . . . . . . . . Manual 38 | . 4 . . 19 . 3 3 1 4 . . . 4 . . Terminals 68 | . 9 . . 22 . 3 14 2 . 2 . . 12 2 2 Fabricators . | . . . . . . . . . . . . . . . . Repair Stations . | . . . . . . . . . . . . . . . . Recycling Units 10 | . . . . 7 . . . . 3 . . . . . . Scanalyzers 6 | . . . . . . 3 . . . . . . 3 . . Garrison Access 6 | . . . . . . . . . 2 . . 1 2 . 1 Terminal Hacks 38 | . 4 . . 4 15 1 6 . . 1 . . 6 1 . Record 17 | . . . . . 15 . . . . . . . 2 . . Prototype ID Bank 4 | . 2 . . 2 . . . . . . . . . . . Open Door 8 | . . . . . . . 6 . . . . . 2 . . Open DSF 1 | . . . . . . . . . . 1 . . . . . Level Access Points 1 | . . . . . . . . . . . . . . 1 . Branch Access Points 1 | . . . . . . 1 . . . . . . . . . Terminal Index 1 | . . . . 1 . . . . . . . . . . . Alert Level 2 | . . . . 1 . . . . . . . . 1 . . Unreport Threat 1 | . . . . . . . . . . . . . 1 . . Dispatch Records 1 | . 1 . . . . . . . . . . . . . . Hauler Manifests 1 | . 1 . . . . . . . . . . . . . . Fabricator Hacks . | . . . . . . . . . . . . . . . . Repair Station Hacks . | . . . . . . . . . . . . . . . . Recycling Unit Hacks 4 | . . . . 3 . . . . 1 . . . . . . Report Inventory 3 | . . . . 2 . . . . 1 . . . . . . Retrieve Components 1 | . . . . 1 . . . . . . . . . . . Scanalyzer 3 | . . . . . . 2 . . . . . . 1 . . Retrieve Study 3 | . . . . . . 2 . . . . . . 1 . . Garrison Access Hacks 3 | . . . . . . . . . . . . 1 1 . 1 Seal Access 3 | . . . . . . . . . . . . 1 1 . 1 Unauthorized Hacks 16 | . 2 . . 12 . . . . 2 . . . . . . Terminals 12 | . 2 . . 10 . . . . . . . . . . . Botnet 5 | . 1 . . 4 . . . . . . . . . . . Skim 7 | . 1 . . 6 . . . . . . . . . . . Fabricators . | . . . . . . . . . . . . . . . . Repair Stations . | . . . . . . . . . . . . . . . . Recycling Units 4 | . . . . 2 . . . . 2 . . . . . . Monitor 1 | . . . . . . . . . 1 . . . . . . Recyclers 1 | . . . . . . . . . 1 . . . . . . Tunnel 2 | . . . . 2 . . . . . . . . . . . Scanalyzers . | . . . . . . . . . . . . . . . . Garrison Access . | . . . . . . . . . . . . . . . . Data Cores Recovered . | . . . . . . . . . . . . . . . . Used . | . . . . . . . . . . . . . . . . Hacking Detections 29 | . 3 . . 8 . 1 4 1 1 1 . . 8 1 1 Full Trace Events 5 | . . . . 2 . . 1 1 . . . . . . 1 Feedback Events . | . . . . . . . . . . . . . . . . Feedback Blocked . | . . . . . . . . . . . . . . . . Robot Schematics Acquired . | . . . . . . . . . . . . . . . . Robots Built . | . . . . . . . . . . . . . . . . Authchips . | . . . . . . . . . . . . . . . . Time . | . . . . . . . . . . . . . . . . Total Robot Build Rating . | . . . . . . . . . . . . . . . . Part Schematics Acquired . | . . . . . . . . . . . . . . . . Parts Built . | . . . . . . . . . . . . . . . . Authchips . | . . . . . . . . . . . . . . . . Time . | . . . . . . . . . . . . . . . . Total Part Build Rating . | . . . . . . . . . . . . . . . . Part Studies Acquired 3 | . . . . . . 2 . . . . . . 1 . . Parts Repaired . | . . . . . . . . . . . . . . . . Time . | . . . . . . . . . . . . . . . . Parts Recycled . | . . . . . . . . . . . . . . . . Recycled Matter . | . . . . . . . . . . . . . . . . Retrieved Matter . | . . . . . . . . . . . . . . . . Retrieved Components 2 | . . . . 2 . . . . . . . . . . . Parts Scanalyzed . | . . . . . . . . . . . . . . . . Part Schematics Acquired . | . . . . . . . . . . . . . . . . Parts Damaged . | . . . . . . . . . . . . . . . . Bothacking | -11 -10 -10 -10 -8 -8 -6 -6 -6 -5 -4 -4 -3 -3 -2 -1 ------------ Run | Yrd Mat Min Sub Rec Scr Fac Ext Cet Fac Fac DSF Res Qua Res Acc Used RIF Installer . | . . . . . . . . . . . . . . . . Robots Hacked . | . . . . . . . . . . . . . . . . Non-combat . | . . . . . . . . . . . . . . . . Combat . | . . . . . . . . . . . . . . . . Robot Hacks Applied . | . . . . . . . . . . . . . . . . Relay Couplers Released . | . . . . . . . . . . . . . . . . Fabnet Peak Effective % . | . . . . . . . . . . . . . . . . Robots Rewired 9 | . . . . . . . 9 . . . . . . . . Allies Hacked . | . . . . . . . . . . . . . . . . Hacks Repelled . | . . . . . . . . . . . . . . . . Allies | -11 -10 -10 -10 -8 -8 -6 -6 -6 -5 -4 -4 -3 -3 -2 -1 -------- Run | Yrd Mat Min Sub Rec Scr Fac Ext Cet Fac Fac DSF Res Qua Res Acc Total Allies 21 | . . . . . . . 16 5 . . . . . . . Largest Group 12 | . . . . . . . 12 12 8 8 8 . . . . Highest-Rated Group 673 | . . . . . . . 501 673 486 474 474 . . . . Highest-Rated Ally 159 | . . . . . . . 159 159 96 96 96 . . . . Total Orders . | . . . . . . . . . . . . . . . . Ally Attacks 164 | . . . . . . . 41 60 9 . 54 . . . . Total Damage 4326 | . . . . . . . 749 1831 116 . 1630 . . . . Kills 29 | . . . . . . . 8 13 2 . 6 . . . . Allies Corrupted . | . . . . . . . . . . . . . . . . Allies Melted 1 | . . . . . . . 1 . . . . . . . . Intel | -11 -10 -10 -10 -8 -8 -6 -6 -6 -5 -4 -4 -3 -3 -2 -1 ------- Run | Yrd Mat Min Sub Rec Scr Fac Ext Cet Fac Fac DSF Res Qua Res Acc Active Infowar (turns) 11313 | . 289 277 147 911 1577 337 2211 413 423 13 373 1119 1454 1133 636 Optics 8454 | . . . . . 342 337 2211 413 423 13 373 1119 1454 1133 636 Sensors 1736 | . . . . . . 336 1400 . . . . . . . . Structural 2859 | . 289 277 147 911 1235 . . . . . . . . . . ECM 4 | . . . . . . . . . . . . . 4 . . Robot Analysis Total . | . . . . . . . . . . . . . . . . Derelict Logs Recovered . | . . . . . . . . . . . . . . . . Drone Launches . | . . . . . . . . . . . . . . . . Drone Recoveries . | . . . . . . . . . . . . . . . . Exploration | -11 -10 -10 -10 -8 -8 -6 -6 -6 -5 -4 -4 -3 -3 -2 -1 ------------- Run | Yrd Mat Min Sub Rec Scr Fac Ext Cet Fac Fac DSF Res Qua Res Acc Turns Passed 12254 | 97 991 277 147 911 1715 337 2211 413 423 13 373 1119 1454 1133 640 Spaces Moved 5981 | 54 528 174 67 556 1052 259 946 186 182 5 141 549 491 413 378 Core 111 | 3 . . . . . . . . . . . . . . 108 Treads 4932 | 51 528 174 67 556 1052 . 293 186 182 5 141 549 491 413 244 Legs 18 | . . . . . . . 18 . . . . . . . . Wheels 894 | . . . . . . 259 635 . . . . . . . . Hover . | . . . . . . . . . . . . . . . . Flight 26 | . . . . . . . . . . . . . . . 26 Fastest Speed 40 | 50 160 160 160 160 160 105 105 160 160 160 160 170 170 152 40 Average Speed 168 | 153 160 160 160 160 160 105 151 160 214 160 203 170 243 181 158 Slowest Speed 260 | 160 160 160 160 160 160 105 260 160 240 160 240 170 250 250 225 Overloaded Moves . | . . . . . . . . . . . . . . . . Propulsion Burnouts . | . . . . . . . . . . . . . . . . Robots Hopped . | . . . . . . . . . . . . . . . . Potential Cave-ins 23 | . . . . . . . . . . . . 3 2 18 . Cave-ins Triggered . | . . . . . . . . . . . . . . . . Exploration Rate (%) 42 | 4 55 42 5 84 64 8 88 72 12 . 87 23 61 13 15 Regions Visited 15 Branch Regions 7 Pre-discovered Areas 2 | . . . . 2 . . . . . . . . . . . Known Exits Taken 8 | . . . . . . 1 1 1 1 1 . 1 1 1 . Unknown Exits Taken 6 | 1 1 1 1 1 1 . . . . . . . . . . Scrap Searched 5 | . . . . . 5 . . . . . . . . . . Spaces Dug 75 | . . . 33 . . 8 . . . . . 9 13 12 . Terrain Destroyed 428 | . . . 57 . . 8 104 103 . . 4 27 23 30 72 Melee . | . . . . . . . . . . . . . . . . Projectile 109 | . . . . . . 8 14 . . . 4 27 23 30 3 AOE 318 | . . . 57 . . . 89 103 . . . . . . 69 Terrain Rammed . | . . . . . . . . . . . . . . . . Walls Destroyed . | . . . . . . . . . . . . . . . . Machines Disabled . | . . . . . . . . . . . . . . . . Actions | -11 -10 -10 -10 -8 -8 -6 -6 -6 -5 -4 -4 -3 -3 -2 -1 --------- Run | Yrd Mat Min Sub Rec Scr Fac Ext Cet Fac Fac DSF Res Qua Res Acc Total 7580 | 65 638 173 86 578 1088 310 1577 282 213 10 198 660 663 630 409 Wait 755 | . 35 . 3 21 3 16 372 75 20 6 6 44 58 95 1 Move 5966 | 53 527 173 66 555 1051 258 945 185 181 4 140 548 490 412 378 Hop . | . . . . . . . . . . . . . . . . Pick Up 100 | 6 21 . . 1 9 6 18 4 2 . 9 8 12 2 2 Fast Attach 70 | 6 7 . 1 . 7 3 7 . 5 . 5 9 10 6 4 Attach 56 | . . . . . . 7 12 3 2 . . 6 7 17 2 Detach 20 | . 1 . . . 1 3 . . . . 1 . 10 4 . Swap 41 | . 4 . 4 . 1 3 10 6 . . 2 3 7 1 . Drop 100 | . 18 . . 1 16 2 12 . 1 . 18 8 11 3 10 Fire 340 | . 25 . 12 . . 12 73 9 . . 17 34 58 89 11 Melee . | . . . . . . . . . . . . . . . . Ram 1 | . . . . . . . . . . . . . . . 1 Kick . | . . . . . . . . . . . . . . . . Crush 1 | . . . . . . . . . . . . . . 1 . Escape Stasis 9 | . . . . . . . 7 . 2 . . . . . . Rewire 121 | . . . . . . . 121 . . . . . . . . Trap . | . . . . . . . . . . . . . . . . Miscellaneous . | . . . . . . . . . . . . . . . . Route ------- -11/Scrapyard -10/Materials (discovered 2 exits: [*Mat] / [*Min]) -10/Mines -10/Subcaves -8/Recycling -8/Scraptown (discovered 2 exits: *Fac x2) -6/Factory (discovered 4 exits: Low x2 / *Ext x2) -6/Extension (discovered 3 exits: *Fac x2 / *Cet) -6/Cetus (discovered 2 exits: *Fac / [*Arc]) -5/Factory -4/Factory -4/DSF -3/Research -3/Quarantine -2/Research (discovered 3 exits: *Acc x3) -1/Access History --------- Turn | Location | Event 21 | -11/Scrapyard | Discovered new exit (range 15) 98 | -11/Scrapyard | Entered Materials 302 | -10/Materials | Build established: Mutant 729 | -10/Materials | Discovered new exit (range 12) 773 | -10/Materials | Discovered new exit (range 12) 1089 | -10/Materials | Entered Mines 1339 | -10/Mines | Discovered new exit (range 15) 1366 | -10/Mines | Entered Subcaves 1409 | -10/Subcaves | Shifting Twisted Machinery released Sub. Power Source 1414 | -10/Subcaves | Discovered new exit (range 15) 1419 | -10/Subcaves | Shifting Twisted Machinery released Flamer 1489 | -10/Subcaves | Ambushed by Subdweller buried in earth 1513 | -10/Subcaves | Entered Recycling 1654 | -8/Recycling | Scanned before Scraplab entrance 2402 | -8/Recycling | Discovered new exit (range 11) 2406 | -8/Recycling | Entered Scraplab 2424 | -8/Recycling | Entered Scraptown 2424 | -8/Scraptown | System corruption cleaned by C-Scrubber 2511 | -8/Scraptown | Visited SPCMW 2546 | -8/Scraptown | Visited Awakened 2652 | -8/Scraptown | Discovered new exit (range 11) 2744 | -8/Scraptown | Visited Symbiants 2778 | -8/Scraptown | Visited The Evicted 3060 | -8/Scraptown | Visited IN-MT5's Study 3124 | -8/Scraptown | Visited UFD Registry 3124 | -8/Scraptown | Registered with UFD as "Armorslider" 3156 | -8/Scraptown | Visited Junk Repository 3226 | -8/Scraptown | Visited LU-1G1's Boring Crew 3436 | -8/Scraptown | Visited Scrapoid Research Area 3489 | -8/Scraptown | Visited Curators Association 3762 | -8/Scraptown | Visited DA-N13 Charitable Foundation 3769 | -8/Scraptown | Found DCF Scrap (29 items) 3840 | -8/Scraptown | Visited Infowarlord's Domain 3851 | -8/Scraptown | Found Exp. Sensor Array 3870 | -8/Scraptown | Visited Modified Component R&D 3995 | -8/Scraptown | Met Optimus 3995 | -8/Scraptown | Accepted into 0bPrime 4132 | -8/Scraptown | Discovered new exit (range 3) 4139 | -8/Scraptown | Entered Factory 4139 | -6/Factory | Evolved 8 slots: Power x1, Propulsion x1, Utility x5, Weapon x1 4182 | -6/Factory | Central database locked down 4289 | -6/Factory | Identified exit to Lower Caves 4289 | -6/Factory | Identified exit to Extension 4440 | -6/Factory | Build established: Hacker-Skirmisher 4476 | -6/Factory | Entered Extension 4517 | -6/Extension | Rescued a captive Derelict 4530 | -6/Extension | Rescued a captive Derelict 4603 | -6/Extension | Lost 4 parts (1p3u) 4785 | -6/Extension | Spotted B-75 Beast 4821 | -6/Extension | Spotted B-75 Beast 4845 | -6/Extension | Lost 4 allies 4864 | -6/Extension | Build established: Skirmisher 5858 | -6/Extension | Destroyed B-75 Beast 5875 | -6/Extension | Lost 3 parts (1n1u1w) 5933 | -6/Extension | Destroyed B-75 Beast 5952 | -6/Extension | Lost 5 parts (1p2n1u1w) 6120 | -6/Extension | Discovered new exit (range 3) 6298 | -6/Extension | Build established: Scavenger-Gunner 6404 | -6/Extension | Rescued A7 6570 | -6/Extension | Rescued a captive Derelict 6572 | -6/Extension | Rescued a captive Derelict 6591 | -6/Extension | Rescued a captive Derelict 6592 | -6/Extension | Rescued a captive Derelict 6638 | -6/Extension | Discovered new exit (range 10) 6640 | -6/Extension | Discovered new exit (range 6) 6648 | -6/Extension | Identified exit to Cetus 6687 | -6/Extension | Entered Cetus 6687 | -6/Cetus | Accompanied by 12 allies (A7) 6692 | -6/Cetus | Acquired a Cetus Manufacturing Module code from A7 6712 | -6/Cetus | Spotted Cetus Guard 6712 | -6/Cetus | Spotted Cetus Guard 6712 | -6/Cetus | Spotted Cetus Guard 6712 | -6/Cetus | Spotted Cetus Guard 6727 | -6/Cetus | Allies destroyed Cetus Guard 6729 | -6/Cetus | Destroyed Cetus Guard 6729 | -6/Cetus | Allies destroyed Cetus Guard 6729 | -6/Cetus | Allies destroyed Cetus Guard 6760 | -6/Cetus | Lost 4 allies 6795 | -6/Cetus | Started Cetus Manufacturing Module 6820 | -6/Cetus | Manufactured an Enhanced Grunt 6845 | -6/Cetus | Manufactured an Enhanced Grunt 6870 | -6/Cetus | Manufactured an Enhanced Grunt 6895 | -6/Cetus | Manufactured an Enhanced Grunt 6920 | -6/Cetus | Manufactured an Enhanced Grunt 6954 | -6/Cetus | Discovered new exit (range 20) 6992 | -6/Cetus | Spotted Cetus Guard 6992 | -6/Cetus | Spotted Cetus Guard 6994 | -6/Cetus | Spotted Cetus Guard 6994 | -6/Cetus | Spotted Cetus Guard 7005 | -6/Cetus | Allies destroyed Cetus Guard 7014 | -6/Cetus | Allies destroyed Cetus Guard 7016 | -6/Cetus | Allies destroyed Cetus Guard 7020 | -6/Cetus | Allies destroyed Cetus Guard 7023 | -6/Cetus | Discovered new exit (range 19) 7037 | -6/Cetus | Met Revision 17 7063 | -6/Cetus | Identified exit to Factory 7100 | -6/Cetus | Entered Factory 7100 | -5/Factory | Accompanied by 9 allies (A7) 7100 | -5/Factory | Evolved 2 slots: Utility x1, Weapon x1 7388 | -5/Factory | Build established: Scavenger-Tank 7482 | -5/Factory | Discovered new exit (range 12) 7500 | -5/Factory | Identified exit to Factory 7523 | -5/Factory | Entered another Factory area 7523 | -4/Factory | Accompanied by 8 allies 7523 | -4/Factory | Evolved 2 slots: Propulsion x1, Utility x1 7530 | -4/Factory | Identified exit to DSF 7536 | -4/Factory | Entered DSF 7536 | -4/DSF | Accompanied by 8 allies 7559 | -4/DSF | Additional patrols routed to DSF 7573 | -4/DSF | Discovered new exit (range 20) 7719 | -4/DSF | Lost 6 allies 7779 | -4/DSF | Sterilization system engaged 7799 | -4/DSF | Ambient heat levels rising (+10) 7814 | -4/DSF | Ambient heat levels rising (+10) 7829 | -4/DSF | Ambient heat levels rising (+10) 7844 | -4/DSF | Ambient heat levels rising (+10) 7859 | -4/DSF | Ambient heat levels rising (+10) 7874 | -4/DSF | Ambient heat levels rising (+10) 7889 | -4/DSF | Ambient heat levels rising (+10) 7904 | -4/DSF | Ambient heat levels rising (+10) 7907 | -4/DSF | Identified exit to Research 7909 | -4/DSF | Entered Research 7909 | -3/Research | Evolved 2 slots: Power x1, Utility x1 8109 | -3/Research | Revision forces began assault on 0b10 8167 | -3/Research | Met up with Revision 17++ 8295 | -3/Research | Build established: Scavenger-Gunner 8609 | -3/Research | Research terminal network offline 8692 | -3/Research | Found Gamma Bomb Array 9011 | -3/Research | Discovered new exit (range 4) 9016 | -3/Research | Identified exit to Quarantine 9028 | -3/Research | Entered Quarantine 9076 | -3/Quarantine | Spotted Alpha 7 9097 | -3/Quarantine | Destroyed Alpha 7 9124 | -3/Quarantine | Found Alien Launcher 9126 | -3/Quarantine | Identified Sigix Terminator 9147 | -3/Quarantine | Found Prototype Device 9147 | -3/Quarantine | Identified Exp. ECM Suite 9164 | -3/Quarantine | Found Prototype Processor 9164 | -3/Quarantine | Identified Exp. Targeting Computer 9170 | -3/Quarantine | Found Prototype Energy Gun 9171 | -3/Quarantine | Identified Enh. Gamma Rifle 9338 | -3/Quarantine | Found Alien Artifact 9340 | -3/Quarantine | Identified Phase Armor 9427 | -3/Quarantine | Met incapacitated Sigix Warrior 9427 | -3/Quarantine | Lockdown squad dispatched 9437 | -3/Quarantine | Acquired the access code to the Sigix quarantine chamber 9442 | -3/Quarantine | Unlocked Sigix quarantine chamber 9452 | -3/Quarantine | Found Sigix Containment Pod 9823 | -3/Quarantine | Found Alien Artifact 9823 | -3/Quarantine | Identified Subatomic Replicator 10261 | -3/Quarantine | System corruption reached 10% 10327 | -3/Quarantine | Found Alien Artifact 10339 | -3/Quarantine | Found Alien Artifact 10352 | -3/Quarantine | Found Alien Artifact 10447 | -3/Quarantine | Discovered new exit (range 13) 10470 | -3/Quarantine | Identified exit to Research 10482 | -3/Quarantine | Entered Research 10482 | -2/Research | Evolved 2 slots: Propulsion x2 10574 | -2/Research | Identified exit to Access 10800 | -2/Research | Destroyed 9 combat bots 10892 | -2/Research | Lost 3 parts (1n1u1w) 10906 | -2/Research | Destroyed 8 combat bots 10965 | -2/Research | System corruption reached 10% 11023 | -2/Research | Destroyed 9 combat bots 11037 | -2/Research | Lost 4 parts (2u2w) 11232 | -2/Research | First assault squad dispatched 11325 | -2/Research | Build established: Scavenger-Tank 11353 | -2/Research | Identified Terrabomb (x3) 11353 | -2/Research | Used Terrabomb 11615 | -2/Research | Entered Access 11615 | -1/Access | Evolved 2 slots: Propulsion x2 11644 | -1/Access | Lost 9 parts (3p2n2u2w) 11899 | -1/Access | Found Prototype Launcher 11899 | -1/Access | Identified Tactical Quantum Warhead 11902 | -1/Access | Found Tactical Quantum Warhead 12066 | -1/Access | Build established: Hacker-Mutant 12224 | -1/Access | Core integrity fell below 50% 12228 | -1/Access | Spotted B-99 Colossus 12252 | -1/Access | Core integrity fell below 20% 12255 | -1/Access | Fired Sigix Terminator 12255 | -1/Access | Destroyed self with Sigix Terminator Last Messages --------------- 12240_ Slug penetrates Wall. 12240_ Penetrated by Slug. 12240_ Slug penetrates Wall. 12240_ Penetrated by Slug. 12240_ Graphene Brace destroyed. 12247_ O-24 Administrator: "IFF HANDSHAKE FAILED. SECURING TERMINAL." 12248_ Slug penetrates Wall. 12251_ Penetrated by Slug. 12251_ Adv. Visual Processing Unit destroyed. 12252_ ALERT: Hostiles spotted, dispatching reinforcements to Terminal A011. 12253_ Slug penetrates Wall. 12254_ Penetrated by Slug. 12254_ Slug penetrates Wall. 12255_ Sigix Terminator expended. 12255_ H-88 Terminator destroyed. 12255_ Destroyed KE Penetrator. 12255_ Destroyed Hvy. Machine Gun. 12255_ Destroyed Lgt. Quantum Reactor. 12255_ H-88 Terminator destroyed. Map ----- +----------------------------------------------------+ | ?????????????????????????????????????????????????? | | ?????????????????????????????????????????????????? | | ?????????????????????????????????????????????????? | | ?????????????????????????????????????????????????? | | ?????????????????????????????????????????????????? | | ?????????????????????????????????????????????????? | | ?????????????????????????????????????????????????? | | ?????????????????????????????????????????????????? | | ?????????????????????????????????????????????????? | | ?????????????????????????????????????????????????? | | #????????????????????????????????????????????????? | | ????????????????????????????? ???????????????????? | | ??????????????????????????? #????????????????? | | "#???##########????????????? #????????????????? | | "#???# #????????????? #????????????????? | | "#???# #????????????? #????????????????? | | "#???# #???????????? #????????????????? | | "#???# ]#???????????? #????????????????? | | #???# #???????????? #????????????????? | | #???# #???????????? #????????????????? | | #???# #??????????? ?????????????????? | | ?????# !???????????? ??????????????????? | | ??????? ?????????????? ????????????????????? | | #########+################;###### ??????????? | | h ???????????? | | w @ ####??????????????????? | | ################+######+####?????????????????????? | | ?????????????? ??? ????????????????????????? | | ????????????# ? ????????????????????????? | | ????????????# # "???????????????????????? | | ????????????# =[[# ???????????????????????? | | ????????????# =[[# ??????????????????????? | | ????????????# =[ # ??????????????????????? | | ????????????# # ?????????????????????? | | ????????????# # ?????????????????????? | | ????????????# # ????????????????????? | | ????????????########## ????????????????????? | | ?????????????????????# ?????????????????????? | | #############????????? ????????????????????? | | #???????######?????????????????????? | | #??????????????????????????????????? | | ############+????????????????????????????????????? | | #????????????????????????????????????? ?????? | | #?????????????????????????????????? ?????? | | #?????????????????????????????????# ?????? | | " #?????????????????????????????????# #????? | | #?????????????????????????????????# #????? | | #?????????????????????############# #????? | | #????????????????????? ? #????? | | #????????????????????? ?? #????? | +----------------------------------------------------+ Best States ------------- Heat Dissipation 139 Energy Generation 64 Energy Capacity 775 Matter Stores 300 Matter Capacity 300 Sight Range 20 Robot Scan Range 20 Terrain Scan Density 10 ECM Strength 3 Power Amplification 30 Base Temperature (-) 100 Armor Coverage 225 Resistance: TH 20 Evasion (%) 62 Targeting Accuracy 20 Recoil Reduction 6 Matter Filtering 30 Energy Filtering 30 Particle Charging 25 Offensive Hacking 20 Defensive Hacking 10 Item Schematics ----------------- None Robot Schematics ------------------ None Fabricated ------------ Nothing Repaired ---------- Nothing Studied --------- Hvy. Rocket Launcher | -6/Factory | Hacked Hvy. Machine Gun | -6/Factory | Hacked Nova Cannon | -3/Quarantine | Hacked Alien Tech Used ----------------- Sigix Terminator Phase Armor Subatomic Replicator Terrabomb Achievements -------------- Bumper Bots Civilization 2243 DATA ERROR: Steam Global Achievement% DIY Cooler Do Not Disturb Fancy Inventory For Emergencies Only Heavy Suspicion Hot Goods I Have A Map? I Laugh At Your Crits Immobile And Lovin' It Into The Breach Item+ Link The Feds Organ Harvest Overkill Overwhelming Resistances Are Futile Revolutionary Research Spot Them First There's More Where That Came From Throw Away The Key Well Done Window Shopping You May Approach The Wall Challenges ------------ None Game ------ Seed AssaultAntigravSaw Manual? 0 Play Time 02:01:17 Cumulative 122.7 hours Start 2025.11.10 @ 22:19:02 End 2025.11.11 @ 00:22:24 Sessions 1 Manual Loads 0 Difficulty Rogue Special Mode None Game No. 110 Rogue 109 Adventurer 0 Explorer 1 Win Type - Total 7 Types 4/0/1/1/0/0/0/1/0/0 Lore% 70 Gallery% 65 Achievement% 38 Wizard Run 0 Options --------- Layout 0 ASCII 0 Keyboard 0 Movement Numpad Keybinds 0 Fullscreen 2 Font 18/Terminus Map View 76x50 Zoom Use 0% Tactical HUD 1 Map Filters NONE Filters NONE Steam 1 RUN: 83f26b65-13ef-4dd0-ae3f-6ff339158813